 Dungeon Crawl Stone Soup version 0.30-a0-824-g6c64550be9 (webtiles) character file.

Game seed: 15393592943958997278

429 avis the Cleaver (level 6, -6/58 HPs)
             Began as a Hill Orc Monk on Feb 28, 2023.
             Was a Believer of Beogh.
             Mangled by a gnoll
             ... wielding a +0 flail
              (8 damage)
             ... on level 4 of the Dungeon.
             The game lasted 00:20:44 (3918 turns).

avis the Cleaver (Hill Orc Monk)                    Turns: 3918, Time: 00:20:45

Health: -6/58      AC:  5    Str: 22    XL:     6   Next: 98%
Magic:  6/6        EV:  7    Int: 16    God:    Beogh [**....]
Gold:   371        SH: 10    Dex: 13    Spells: 5/5 levels left

rFire   . . .      SeeInvis .    b - +0 war axe
rCold   . . .      Faith    +    c - +0 tower shield
rNeg    . . .      Spirit   .    s - +0 ring mail
rPois   .          Reflect  .    (no helmet)
rElec   .          Harm     .    f - scarf {repulsion}
rCorr   .          Rampage  .    (no gloves)
Will    .....                    (no boots)
Stlth   +                        t - amulet of faith
HPRegen 0.29/turn                g - +6 ring of strength
MPRegen 0.10/turn                F - +6 ring of intelligence

@: hasted, repel missiles, very quick
A: no striking features
a: Renounce Religion, Smiting


You were on level 4 of the Dungeon.
You worshipped Beogh.
Beogh was pleased with you.
You visited 2 branches of the dungeon, and saw 6 of its levels.

You collected 371 gold pieces.

Inventory:

Hand Weapons
 a - a +2 mace of protection
 b - a +0 war axe (weapon)
 w - a +0 sling
Missiles
 G - 3 poisoned darts (quivered)
Armour
 c - a +0 tower shield (worn)
 f - a scarf of repulsion (worn)
 s - a +0 ring mail (worn)
Jewellery
 g - a +6 ring of strength (left hand)
 t - an amulet of faith (around neck)
 F - a +6 ring of intelligence (right hand)
Scrolls
 l - a scroll of amnesia {unknown}
 n - a scroll of silence {unknown}
 q - a scroll of vulnerability {unknown}
 r - 2 scrolls of acquirement {unknown}
 v - a scroll of blinking {unknown}
 x - 2 scrolls of fear {unknown}
 B - 2 scrolls of noise {unknown}
 H - 2 scrolls of magic mapping {unknown}
 K - 2 scrolls of teleportation {unknown}
 L - a scroll of fog {unknown}
 N - a scroll of poison {unknown}
 O - 2 scrolls of summoning {unknown}
Potions
 i - a potion of heal wounds {unknown}
 j - a potion of cancellation {unknown}
 p - a potion of flight {unknown}
 A - a potion of invisibility {unknown}
 D - a potion of magic {unknown}
 M - a potion of lignification {unknown}


   Skills:
 * Level 6.6 Fighting
 - Level 8.0 Axes
 - Level 2.4 Dodging
 - Level 1.5 Stealth


You had 5 spell levels left.
You didn't know any spells.
Your spell library was empty.

Dungeon Overview and Level Annotations

Branches:
Dungeon (5/15)             Temple (1/1) D:4

Altars:
Cheibriados
Gozag
Kikubaaqudgha
Okawaru
Qazlal
Ru
Trog
Uskayaw
Wu Jian
Xom
Zin

Shops:
D:3 :


Message History

Found 9 gold pieces.
There is a stone staircase leading up here.
You barely miss the gnoll.
A gnoll comes into view. It is wielding a +0 flail.
You block the gnoll's attack.
You barely miss the gnoll. You hit the gnoll.
The hound stops to sniff the ground.
You block the gnoll's attack. The gnoll hits you but does no damage.
You closely miss the gnoll. x2; You completely miss the gnoll.
The gnoll hits you with a +0 flail! The gnoll hits you with a +0 whip.
The gnoll hits you with a +0 flail. x3; You block the gnoll's attack.
You closely miss the gnoll. You hit the gnoll but do no damage.
You hit the gnoll. The gnoll hits you with a +0 flail.
The gnoll barely misses you. You block the gnoll's attack.
You closely miss the gnoll. You completely miss the gnoll. You hit the gnoll.
The gnoll hits you with a +0 flail. The gnoll hits you with a +0 whip!
The gnoll barely misses you. The gnoll closely misses you.
The gnoll hits you with a +0 flail!
* * * LOW HITPOINT WARNING * * *
The gnoll hits you with a +0 whip.
* * * LOW HITPOINT WARNING * * *
The gnoll hits you with a +0 flail.
* * * LOW HITPOINT WARNING * * *
You block the gnoll's attack. x2
You climb upwards.
There is a stone staircase leading down here.
You feel yourself speed up. You block the gnoll's attack.
The gnoll closely misses you.
You slash the gnoll!
The gnoll is heavily wounded.
You slash the gnoll!
You kill the gnoll!
Beogh accepts your kill. The gnoll hits you with a +0 whip!
* * * LOW HITPOINT WARNING * * *
You slash the gnoll!
You kill the gnoll!
Beogh accepts your kill.
You closely miss the gnoll. The gnoll hits you with a +0 flail!
You die...

#..........[....#
#.### ###.##>#
#################
#...# #.#... #.#.#
#.####
###.#.#####....#
#.[.............
#######.#.#.########.#
#.........#..........#
#.#####.##############
#...)@g.....###
###########...##
###..### ##...# ###.#
#.### #...# ###.###
#....


You could see a gnoll.

Vanquished Creatures
  An ogre (D:3)
  An orc priest (D:3)
  4 hounds
  2 iguanas
  An orc wizard (D:3)
  2 gnolls (D:4)
  4 adders
  2 worms
  3 dart slugs (D:1)
  5 orcs
  8 ball pythons
  3 bats
  6 endoplasms
  3 giant cockroaches
  3 goblins
  9 hobgoblins
  5 kobolds
  2 quokkas (D:3)
  2 frilled lizards
  2 rats
68 creatures vanquished.

Vanquished Creatures (others)
  An adder (D:3)
  An orc (D:3)
  A goblin (D:3)
  2 kobolds (D:3)
  14 plants (D:3)
19 creatures vanquished.

Grand Total: 87 creatures vanquished

Notes
Turn   | Place    | Note
-------+----------+-------------------------------------------
     0 | D:1      | avis the Hill Orc Monk began the quest for the Orb.
     0 | D:1      | Reached XP level 1. HP: 19/19 MP: 1/1
   344 | D:1      | Reached XP level 2. HP: 27/27 MP: 2/2
   940 | D:2      | Reached skill level 5 in Axes
   963 | D:2      | Reached XP level 3. HP: 33/33 MP: 3/3
   970 | D:2      | Found a faded altar of an unknown god.
  1240 | D:2      | Found an iron altar of Okawaru.
  1652 | D:3      | Found Polid's Vocational Training.
  1666 | D:2      | Reached skill level 6 in Axes
  1678 | D:2      | Reached XP level 4. HP: 27/40 MP: 4/4
  1764 | D:3      | Reached skill level 5 in Fighting
  1777 | D:2      | Reached XP level 5. HP: 47/48 MP: 5/5
  1847 | D:3      | Found a bloodstained altar of Trog.
  1885 | D:3      | Became a worshipper of Beogh the Brigand
  1885 | D:3      | Reached * piety under Beogh
  1885 | D:3      | Reached ** piety under Beogh
  2264 | D:3      | Noticed an ogre
  2276 | D:3      | Killed an ogre
  2277 | D:3      | Reached skill level 7 in Axes
  2277 | D:3      | Reached XP level 6. HP: 45/57 MP: 6/6
  3149 | D:4      | Found an ancient bone altar of Kikubaaqudgha.
  3186 | D:4      | Found an opulent altar of Gozag.
  3309 | D:4      | Reached skill level 8 in Axes
  3505 | D:4      | Found a staircase to the Ecumenical Temple.
  3518 | Temple   | Entered the Ecumenical Temple
  3626 | D:5      | Entered Level 5 of the Dungeon
  3917 | D:4      | HP: 1/58 [gnoll/+0 whip (7)]
  3918 | D:4      | Mangled by a gnoll

Illustrated notes

Levels and vault maps discovered:
D:1:      mrwooster_arrival_statue_2, layout_loops_corners
D:2:      layout_basic, basic_altar, hellmonk_ecumenical_altar_arch_garden
D:3:      wad_pebble_path, layout_loops_ring, mainiacjoe_overflow_chevrons,
          nicolae_shop_vocational
D:4:      layout_basic, mainiacjoe_overflow_two_lobes, temple_hall
D:5:      layout_loops_ring
Temple:   compressed_dpeg_triangle_lava_temple

Skill      XL: |  1  2  3  4  5  6 |
---------------+-------------------+-----
Fighting       | 4 5 6 |  6.6
Axes           | 5 6 7 8 |  8.0
Dodging        | |  2.4
Stealth        | |  1.5

Action                     |  1- 3 |  4- 6 || total
---------------------------+-------+-------++-------
  Melee: Mace              |    80 |    44 ||   124
         Punch             |     1 |     1 ||     2
         War axe           |       |   108 ||   108
  Throw: Dart              |       |     2 ||     2
 Invoke: Convert to Beogh  |       |     1 ||     1
    Use: Potion            |       |     2 ||     2
         Scroll            |       |     3 ||     3
   Stab: Sleeping          |     1 |     1 ||     2
 Armour: Robe              |    12 |       ||    12
         Ring mail         |    10 |    74 ||    84
  Dodge: Dodged            |    54 |    63 ||   117
         Repelled          |     2 |       ||     2
  Block: Tower shield      |       |    90 ||    90

Table legend: (Time is in decaauts)
 A = Elapsed time spent in this place.
 B = Non-inter-level travel time spent in this place.
 C = Inter-level travel time spent in this place.
 D = Time resting spent in this place.
 E = Time spent auto-exploring this place.
 F = Levels seen in this place.
 G = Mean time per level.
                   A        B        C        D        E       F      G
               +--------+--------+--------+--------+--------+-----+--------+
         Total |   4029 |   3462 |    567 |    588 |   1754 |   6 |  671.5 |
       Dungeon |   4011 |   3444 |    567 |    588 |   1754 |   5 |  802.2 |
        Temple |     17 |     17 |      0 |      0 |      0 |   1 |   17.0 |
               +--------+--------+--------+--------+--------+-----+--------+

Top non-repeatable levels by time:
     D:3: 1083 daAuts
     D:4: 1053 daAuts
     D:1: 931 daAuts
     D:2: 848 daAuts
     D:5: 94 daAuts
  Temple: 17 daAuts
